3A
DELAWARE 1787 BC @ KENNESAW JETS
07/25/2025
 
TOP OF THE 1ST
Delaware 1787 BC batting - Pitching for Kennesaw Jets : LHP Mike Foltynewicz
Pitching: LHP Mike Foltynewicz
Batting: LHB Manoo Satyavrat 0-0: Swinging Strike
0-1: Fly out, F7 (Flyball, 78M)
Batting: LHB José Rodríguez 0-0: Ground out 6-3 (Groundball, 6)
Batting: LHB Francisco García 0-0: Ball
1-0: Swinging Strike
1-1: Swinging Strike
1-2: Ball
2-2: Strikes out looking
Top of the 1st over - 0 run(s), 0 hit(s), 0 error(s), 0 left on base; Delaware 0 - Kennesaw 0
BOTTOM OF THE 1ST
Kennesaw Jets batting - Pitching for Delaware 1787 BC : RHP Jesús Guerra
Pitching: RHP Jesús Guerra
Batting: RHB Ernesto López 0-0: Ball
1-0: Called Strike
1-1: Ball
2-1: Fly out, F9 (Flyball, 9S)
Batting: RHB Héctor Amador 0-0: Ball
1-0: Ball
2-0: Foul Ball, location: 2F
2-1: Foul Ball, location: 2F
2-2: Ground out 5-3 (Groundball, 5)
Batting: RHB Chase Mooney 0-0: Ball
1-0: Ball
2-0: Called Strike
2-1: Foul Ball, location: 2F
2-2: Ball
3-2: Foul Ball, location: 2F
3-2: Base on Balls
Batting: LHB Raúl Godines 0-0: Ball
1-0: Ball
2-0: Fly out, F7 (Flyball, 7S)
Bottom of the 1st over - 0 run(s), 0 hit(s), 0 error(s), 1 left on base; Delaware 0 - Kennesaw 0
TOP OF THE 2ND
Delaware 1787 BC batting - Pitching for Kennesaw Jets : LHP Mike Foltynewicz
Batting: RHB Wilson Vega 0-0: Swinging Strike
0-1: Foul Ball, location: 2F
0-2: Strikes out looking
Batting: SHB Sam Quint 0-0: Called Strike
0-1: Ball
1-1: Ball
2-1: Ball
3-1: Base on Balls
Batting: RHB Cristián Alfonso 0-0: Ball
1-0: Ball
2-0: Called Strike
2-1: Foul Ball, location: 2F
2-2: Ball
3-2: Base on Balls
Sam Quint to second
Batting: LHB Ward Wilberfoss 0-0: Called Strike
0-1: Foul Ball, location: 2F
0-2: Strikes out looking
Batting: RHB Gilberto Rodríguez 0-0: Ball
1-0: Ground out 5-3 (Groundball, 56)
Top of the 2nd over - 0 run(s), 0 hit(s), 0 error(s), 2 left on base; Delaware 0 - Kennesaw 0
BOTTOM OF THE 2ND
Kennesaw Jets batting - Pitching for Delaware 1787 BC : RHP Jesús Guerra
Batting: RHB Daniel Métivier 0-0: Foul Ball, location: 2F
0-1: Ball
1-1: Ground out 5-3 (Groundball, 56)
Batting: RHB Jeffrey Jones 0-0: Ball
1-0: Ball
2-0: Foul Ball, location: 2F
2-1: Foul Ball, location: 2F
2-2: Ball
3-2: Strikes out swinging
Batting: LHB John Satcher 0-0: Foul Ball, location: 2F
0-1: Ball
1-1: Swinging Strike
1-2: Ground out 4-3 (Groundball, 4)
Bottom of the 2nd over - 0 run(s), 0 hit(s), 0 error(s), 0 left on base; Delaware 0 - Kennesaw 0
TOP OF THE 3RD
Delaware 1787 BC batting - Pitching for Kennesaw Jets : LHP Mike Foltynewicz
Batting: RHB Senior Pond 0-0: Ball
1-0: Ball
2-0: Ball
3-0: Base on Balls
Batting: LHB Manoo Satyavrat 0-0: Called Strike
0-1: Foul Ball, location: 2F
0-2: DOUBLE (Flyball, 7LM)
Senior Pond to third
Runner from 3rd tries for Home, SAFE, no throw
Batting: LHB José Rodríguez 0-0: Ball
1-0: Ball
2-0: DOUBLE (Line Drive, 7LD)
Manoo Satyavrat scores
Batting: LHB Francisco García 0-0: Called Strike
0-1: Ball
1-1: Ball
2-1: Foul Ball, location: 2F
2-2: Strikes out swinging
Batting: RHB Wilson Vega 0-0: Ball
1-0: Called Strike
1-1: Called Strike
1-2: Ground out 6-3 (Groundball, 6)
Batting: SHB Sam Quint 0-0: Called Strike
0-1: Fly out, F9 (Flyball, 9LS)
Top of the 3rd over - 2 run(s), 2 hit(s), 0 error(s), 1 left on base; Delaware 2 - Kennesaw 0
BOTTOM OF THE 3RD
Kennesaw Jets batting - Pitching for Delaware 1787 BC : RHP Jesús Guerra
Batting: RHB Marc Beck 0-0: Called Strike
0-1: Ball
1-1: Foul Ball, location: 2F
1-2: Strikes out looking
Batting: RHB Vic Richards 0-0: Ball
1-0: Swinging Strike
1-1: Swinging Strike
1-2: Ball
2-2: Foul Ball, location: 2F
2-2: Strikes out swinging
Batting: RHB Ernesto López 0-0: Called Strike
0-1: Ball
1-1: Fly out, F9 (Flyball, 89M)
Bottom of the 3rd over - 0 run(s), 0 hit(s), 0 error(s), 0 left on base; Delaware 2 - Kennesaw 0
TOP OF THE 4TH
Delaware 1787 BC batting - Pitching for Kennesaw Jets : LHP Mike Foltynewicz
Batting: RHB Cristián Alfonso 0-0: Ball
1-0: Called Strike
1-1: Called Strike
1-2: Strikes out swinging
Batting: LHB Ward Wilberfoss 0-0: Reached on error, E9 (Flyball, 9)
Batting: RHB Gilberto Rodríguez 0-0: Fly out, F5 (Popup, 5L)
Batting: RHB Senior Pond 0-0: Called Strike
0-1: Ball
1-1: Foul Ball, location: 2F
1-2: Ball
2-2: Strikes out looking
Top of the 4th over - 0 run(s), 0 hit(s), 1 error(s), 1 left on base; Delaware 2 - Kennesaw 0
BOTTOM OF THE 4TH
Kennesaw Jets batting - Pitching for Delaware 1787 BC : RHP Jesús Guerra
Batting: RHB Héctor Amador 0-0: Ball
1-0: Swinging Strike
1-1: Ball
2-1: Swinging Strike
2-2: Foul Ball, location: 2F
2-2: Ball
3-2: Ground out 6-3 (Groundball, 6)
Batting: RHB Chase Mooney 0-0: Ball
1-0: Ground out 5-3 (Groundball, 56)
Batting: LHB Raúl Godines 0-0: Ball
1-0: Called Strike
1-1: Ball
2-1: Ball
3-1: Foul Ball, location: 2F
3-2: DOUBLE (Line Drive, 9LM)
Batting: RHB Daniel Métivier 0-0: Ball
1-0: Called Strike
1-1: Fly out, F5 (Line Drive, 56)
Bottom of the 4th over - 0 run(s), 1 hit(s), 0 error(s), 1 left on base; Delaware 2 - Kennesaw 0
TOP OF THE 5TH
Delaware 1787 BC batting - Pitching for Kennesaw Jets : LHP Mike Foltynewicz
Batting: LHB Manoo Satyavrat 0-0: Called Strike
0-1: Called Strike
0-2: Ball
1-2: Strikes out swinging
Batting: LHB José Rodríguez 0-0: Swinging Strike
0-1: Foul Ball, location: 2F
0-2: Strikes out swinging
Batting: LHB Francisco García 0-0: Ball
1-0: Foul Ball, location: 2F
1-1: Swinging Strike
1-2: Ball
2-2: Foul Ball, location: 2F
2-2: SINGLE (Line Drive, 4MD)
Batting: RHB Wilson Vega 0-0: Called Strike
0-1: Swinging Strike
0-2: Ball
1-2: Foul Ball, location: 2F
1-2: Strikes out swinging
Top of the 5th over - 0 run(s), 1 hit(s), 0 error(s), 1 left on base; Delaware 2 - Kennesaw 0
BOTTOM OF THE 5TH
Kennesaw Jets batting - Pitching for Delaware 1787 BC : RHP Jesús Guerra
Batting: RHB Jeffrey Jones 0-0: Ball
1-0: Ball
2-0: Ball
3-0: Base on Balls
Batting: LHB John Satcher 0-0: Ball
1-0: Called Strike
1-1: Ball
2-1: Ball
3-1: Swinging Strike
3-2: Strikes out swinging
Batting: RHB Marc Beck 0-0: Ball
1-0: Ball
2-0: Called Strike
2-1: Foul Ball, location: 2F
2-2: DOUBLE (Line Drive, 7LS)
Jeffrey Jones to third
Batting: RHB Vic Richards 0-0: Called Strike
0-1: Ball
1-1: Swinging Strike
1-2: Foul Ball, location: 2F
1-2: Strikes out swinging
Batting: RHB Ernesto López 0-0: Ball
1-0: Called Strike
1-1: Foul Ball, location: 2F
1-2: Strikes out swinging
Bottom of the 5th over - 0 run(s), 1 hit(s), 0 error(s), 2 left on base; Delaware 2 - Kennesaw 0
TOP OF THE 6TH
Delaware 1787 BC batting - Pitching for Kennesaw Jets : LHP Mike Foltynewicz
Batting: SHB Sam Quint 0-0: Ball
1-0: Swinging Strike
1-1: Fly out, F4 (Line Drive, 4M)
Batting: RHB Cristián Alfonso 0-0: Ball
1-0: Foul Ball, location: 2F
1-1: Ball
2-1: Ball
3-1: Base on Balls
Batting: LHB Ward Wilberfoss 0-0: Called Strike
0-1: Fly out, F8 (Flyball, 8LM)
Batting: RHB Gilberto Rodríguez 0-0: Swinging Strike
0-1: Ball
1-1: Foul Ball, location: 2F
1-2: Strikes out swinging
Top of the 6th over - 0 run(s), 0 hit(s), 0 error(s), 1 left on base; Delaware 2 - Kennesaw 0
BOTTOM OF THE 6TH
Kennesaw Jets batting - Pitching for Delaware 1787 BC : RHP Jesús Guerra
Batting: RHB Héctor Amador 0-0: Ball
1-0: Swinging Strike
1-1: Ball
2-1: Swinging Strike
2-2: Strikes out looking
Batting: RHB Chase Mooney 0-0: Ball
1-0: Fly out, F2 (Popup, 3S)
Batting: LHB Raúl Godines 0-0: Ground out 3-1 (Groundball, 2R)
Bottom of the 6th over - 0 run(s), 0 hit(s), 0 error(s), 0 left on base; Delaware 2 - Kennesaw 0
TOP OF THE 7TH
Delaware 1787 BC batting - Pitching for Kennesaw Jets : LHP Mike Foltynewicz
Batting: RHB Senior Pond 0-0: Ball
1-0: Ball
2-0: Ball
3-0: Base on Balls
Batting: LHB Manoo Satyavrat 0-0: Ball
1-0: Called Strike
1-1: Foul Ball, location: 2F
1-2: Ball
2-2: Strikes out swinging
Batting: LHB José Rodríguez 0-0: Ball
1-0: Called Strike
1-1: Called Strike
1-2: Foul Ball, location: 2F
1-2: Ball
2-2: Foul Ball, location: 2F
2-2: Ball
3-2: SINGLE (Groundball, 6D)
Senior Pond to second
Batting: LHB Francisco García 0-0: Ball
1-0: Foul Ball, location: 2F
1-1: Foul Ball, location: 2F
1-2: Foul Ball, location: 2F
1-2: SINGLE (Groundball, 56D)
Senior Pond to third
José Rodríguez to second
Batting: RHB Wilson Vega 0-0: Ball
1-0: Foul Ball, location: 2F
1-1: Swinging Strike
1-2: Foul Ball, location: 2F
1-2: Strikes out swinging
Pitching: RHP Roberto Flores
Batting: SHB Sam Quint 0-0: SINGLE (Flyball, 7LS)
Senior Pond scores
José Rodríguez to third
Francisco García to second
Runner from 3rd tries for Home, SAFE, no throw
Batting: RHB Cristián Alfonso 0-0: Ground out 1-3 (Groundball, P)
Top of the 7th over - 2 run(s), 3 hit(s), 0 error(s), 2 left on base; Delaware 4 - Kennesaw 0
BOTTOM OF THE 7TH
Kennesaw Jets batting - Pitching for Delaware 1787 BC : RHP Jesús Guerra
Batting: RHB Daniel Métivier 0-0: Called Strike
0-1: Ball
1-1: Foul Ball, location: 2F
1-2: Ball
2-2: Ball
3-2: Base on Balls
Pitching: RHP Gabriel Chávez
Batting: RHB Jeffrey Jones 0-0: Called Strike
0-1: Ball
1-1: Swinging Strike
1-2: Foul Ball, location: 2F
1-2: SINGLE (Groundball, 6MD)
Daniel Métivier to second
Batting: LHB John Satcher 0-0: Foul Ball, location: 2F
0-1: Ball
1-1: Called Strike
1-2: Ball
2-2: Strikes out looking
Batting: RHB Marc Beck 0-0: Called Strike
0-1: Foul Ball, location: 2F
0-2: Strikes out looking
Batting: RHB Vic Richards 0-0: Swinging Strike
0-1: Foul Ball, location: 2F
0-2: Ball
1-2: Foul Ball, location: 2F
1-2: Ball
2-2: Strikes out swinging
Bottom of the 7th over - 0 run(s), 1 hit(s), 0 error(s), 2 left on base; Delaware 4 - Kennesaw 0
TOP OF THE 8TH
Delaware 1787 BC batting - Pitching for Kennesaw Jets : RHP Roberto Flores
Batting: LHB Ward Wilberfoss 0-0: Ground out 4-3 (Groundball, 4)
Batting: RHB Gilberto Rodríguez 0-0: Called Strike
0-1: Ball
1-1: Foul Ball, location: 2F
1-2: Fly out, F8 (Flyball, 8LM)
Batting: RHB Senior Pond 0-0: Foul Ball, location: 2F
0-1: Ball
1-1: Foul Ball, location: 2F
1-2: Strikes out swinging, 2-3 out at first.
Top of the 8th over - 0 run(s), 0 hit(s), 0 error(s), 0 left on base; Delaware 4 - Kennesaw 0
BOTTOM OF THE 8TH
Kennesaw Jets batting - Pitching for Delaware 1787 BC : RHP Gabriel Chávez
Batting: RHB Ernesto López 0-0: Called Strike
0-1: Ball
1-1: Ball
2-1: Foul Ball, location: 2F
2-2: Ball
3-2: Strikes out swinging
Batting: RHB Héctor Amador 0-0: Ball
1-0: Called Strike
1-1: Swinging Strike
1-2: Strikes out swinging
Batting: RHB Chase Mooney 0-0: Ball
1-0: Ball
2-0: Called Strike
2-1: Foul Ball, location: 2F
2-2: Strikes out looking
Bottom of the 8th over - 0 run(s), 0 hit(s), 0 error(s), 0 left on base; Delaware 4 - Kennesaw 0
TOP OF THE 9TH
Delaware 1787 BC batting - Pitching for Kennesaw Jets : RHP Roberto Flores
Pitching: RHP Ashweather Cett
Batting: LHB Manoo Satyavrat 0-0: Ball
1-0: SINGLE (Groundball, 34S) (infield hit)
Batting: LHB José Rodríguez 0-0: Called Strike
0-1: Bunted foul
0-2: Ball
1-2: Ball
2-2: Foul Ball, location: 2F
2-2: Ball
3-2: Foul Ball, location: 2F
3-2: Base on Balls
Manoo Satyavrat to second
Batting: LHB Francisco García 0-0: Ball
1-0: Ball
Manoo Satyavrat steals 3rd base
José Rodríguez to second
2-0: Intentional Walk
Batting: RHB Wilson Vega 0-0: Ball
1-0: SINGLE (Line Drive, 9S)
Manoo Satyavrat scores
José Rodríguez to third
Francisco García to second
Runner from 3rd tries for Home, SAFE, no throw
Batting: SHB Sam Quint 0-0: Ball
Throwing error on steal attempt, E2
Francisco García scores
Wilson Vega to third
1-0: Fly out, F4 (Popup, 3D)
Batting: RHB Cristián Alfonso 0-0: Ground out 5-3 (Groundball, 5)
Batting: LHB Ward Wilberfoss 0-0: Ball
1-0: Ball
2-0: Called Strike
2-1: Foul Ball, location: 2F
2-2: Strikes out looking
Top of the 9th over - 3 run(s), 2 hit(s), 1 error(s), 1 left on base; Delaware 7 - Kennesaw 0
BOTTOM OF THE 9TH
Kennesaw Jets batting - Pitching for Delaware 1787 BC : RHP Gabriel Chávez
Now at 1B: Chase Popoff
Now at SS: Thurman Blumer
Batting: LHB Raúl Godines 0-0: Ball
1-0: Called Strike
1-1: Foul Ball, location: 2F
1-2: Strikes out swinging
Batting: RHB Daniel Métivier 0-0: Called Strike
0-1: Ball
1-1: Foul Ball, location: 2F
1-2: Ball
2-2: Strikes out swinging
Batting: RHB Jeffrey Jones 0-0: Called Strike
0-1: Ball
1-1: Called Strike
1-2: Ball
2-2: Foul Ball, location: 2F
2-2: Strikes out swinging
Bottom of the 9th over - 0 run(s), 0 hit(s), 0 error(s), 0 left on base; Delaware 7 - Kennesaw 0
Friday, December 30th, 2016 - OOTP Baseball 17.12 Build 75